 Dungeon Crawl Stone Soup version 0.15.2 (webtiles) character file.

54 MordorOrchid the Sneak (level 3, -1/18 HPs)
             Began as a Spriggan Enchanter on June 5, 2020.
             Slain by Jessica
             ... wielding a +5 club
              (6 damage)
             ... on Level 2 of the Dungeon.
             The game lasted 00:08:44 (902 turns).

MordorOrchid the Sneak (Spriggan Enchanter)          Turns: 902, Time: 00:08:44

HP  -1/18        AC  3     Str  4      XL: 3   Next: 66%
MP   0/10        EV 25     Int 17      God:
Gold 88          SH  0     Dex 21      Spells:  3 memorised,  2 levels left

rFire  . . .     SeeInvis +     a - +1 dagger
rCold  . . .     Clarity  .     b - +1 robe
rNeg   . . .     rCorr    .     (shield restricted)
rPois  .         rRot     .     (helmet restricted)
rElec  .         Spirit   .     (no cloak)
SustAb .         Warding  .     (gloves unavailable)
rMut   .         Stasis   .     (boots unavailable)
Gourm  .                        (no amulet)
MR     .....                    (no ring)
                                (no ring)

@: agile, very quick, not resistant to hostile enchantments, quite stealthy
A: unfitting armour, see invisible, herbivore 3, speed 3, slow metabolism 2
a: no special abilities


You were on level 2 of the Dungeon.
You were not hungry.

You visited 1 branch of the dungeon, and saw 2 of its levels.

You collected 88 gold pieces.

Inventory:

Hand weapons
 a - a +1 dagger (weapon)
 e - a +0 hunting sling
 j - a +2 dagger of draining
Missiles
 h - 34 sling bullets
 k - 31 bolts
 n - 16 arrows
Armour
 b - a +1 robe (worn)
Scrolls
 i - a scroll of remove curse {unknown}
Potions
 d - a potion of porridge
 g - a potion of might {unknown}
 l - a potion of haste {unknown}
 m - a potion of resistance {unknown}
Books
 c - a book of Maledictions

   Spells                             Type                      Level
   *Corona                            Hexes                        1
   Sure Blade                         Hexes/Charms                 2
   *Ensorcelled Hibernation           Hexes/Ice                    2
   *Confuse                           Hexes                        3
   Dazzling Spray                     Conjuration/Hexes            3
   Enslavement                        Hexes                        4


   Skills:
 - Level 1.0 Fighting
 * Level 1.8 Short Blades
 * Level 3.8 Dodging
 + Level 5.1 Stealth
 + Level 3.0 Spellcasting
 * Level 3.8 Hexes


You had 2 spell levels left.
You knew the following spells:

 Your Spells              Type           Power        Failure   Level  Hunger
a - Corona                Hex            ###....      3%          1    None
b - Ensorcelled Hibernat  Hex/Ice        #.....       14%         2    ##.....
c - Confuse               Hex            ###.....     12%         3    ###....


Dungeon Overview and Level Annotations

Branches:
Dungeon (2/15)

Altars:
The Shining One

Annotations:
D:2 Ijyb, Jessica


Innate Abilities, Weirdness & Mutations

You are tiny and cannot use many weapons and most armour.
You have supernaturally acute eyesight.
You are a herbivore.
You cover ground extremely quickly.
You need consume almost no food.


Message History

You hit Jessica but do no damage.
Jessica is severely wounded.
Jessica completely misses you.
Casting: Corona
Confirm with . or Enter, or press ? or * to list all spells.
Aiming: Ensorcelled Hibernation
Press: ? - help, Shift-Dir - straight line, f/p - Jessica
Aim: Jessica, wielding a glowing club and wearing a runed robe (severely wounded, fast) Jessica resists with almost no effort.
Jessica hits you with a glowing club.
* * * LOW HITPOINT WARNING * * *
You closely miss Jessica.
Jessica is severely wounded.
Jessica closely misses you. Jessica barely misses you.
You hit Jessica.
Jessica is severely wounded.
Jessica barely misses you.
You hit Jessica but do no damage.
Jessica is severely wounded.
Jessica hits you with a glowing club.
You die...

*,,,,*,,* #!.##.#
,,,****,***..##.#
,,,,,,,,,,,..##.#
,,,,,,,,,,,..##.#
b,,,,,,,,<,#.##.####
..,,,,,,,,<#.##.#..##
...,,,,,,,,#.##.....##
..#*,,,,,,,#.##.@....###
...#,,,,,,,#....@......#
....,,,,,,,#...........#
....,,,,,,,#.##......###
....#####,*#.###....##
..#%#...#,,..# ##..##
.##.....#*##.# ##.##
####....# #.###...##
........# ##.##.....#
#####...###.........#


You could see Jessica.

Vanquished Creatures
  2 adders (D:2)
  A giant gecko (D:1)
  3 bats
  A giant cockroach (D:1)
  7 goblins
  4 hobgoblins
  10 kobolds
  2 giant newts (D:1)
  A rat (D:1)
31 creatures vanquished.

Notes
Turn   | Place    | Note
--------------------------------------------------------------
     0 | D:1      | MordorOrchid, the Spriggan Enchanter, began the quest for the Orb.
     0 | D:1      | Reached XP level 1. HP: 9/9 MP: 4/4
   310 | D:1      | Reached XP level 2. HP: 10/14 MP: 5/7
   339 | D:1      | Learned a level 2 spell: Ensorcelled Hibernation
   438 | D:1      | Reached skill level 1 in Fighting
   606 | D:1      | Reached XP level 3. HP: 14/18 MP: 3/9
   614 | D:1      | Learned a level 3 spell: Confuse
   720 | D:2      | Reached skill level 5 in Stealth
   741 | D:2      | Found a glowing golden altar of the Shining One.
   742 | D:2      | Noticed Ijyb
   876 | D:2      | Noticed Jessica
   902 | D:2      | Slain by Jessica

Action                   || total
-------------------------++-------
Melee: Dagger            ||   111
Throw: Stone             ||     2
 Cast: Corona            ||    32
       Ensorcelled Hiber ||     7
       Confuse           ||     1
  Use: Scroll            ||     1
       Potion            ||     1
 Stab: Sleeping          ||     5
